 Dungeon Crawl Stone Soup version 0.26.0-16-gc1dbca0489 (webtiles) character file.

Game seed: 16885414634686141305

66 112233 the Digger (level 4, -6/27 HPs)
             Began as an Octopode Earth Elementalist on Jan 18, 2021.
             Was an Initiate of Vehumet.
             Engulfed by a cloud of flame (33 damage)
             ... on level 3 of the Dungeon.
             The game lasted 00:01:44 (2675 turns).

112233 the Digger (Octopode Earth Elementalist)     Turns: 2675, Time: 00:01:45

Health: -6/27      AC:  1    Str:  7    XL:     4   Next: 15%
Magic:  8/8        EV: 14    Int: 18    God:    Vehumet [......]
Gold:   175        SH:  0    Dex: 12    Spells: 8/9 levels left

rFire    x . .     SeeInvis .   c - +0 short sword
rCold    + . .     Faith    .   (no shield)
rNeg     . . .     Spirit   .   (helmet restricted)
rPois    .         Reflect  .   (no amulet)
rElec    .         Harm     .   h - ring of ice
rCorr    .         Rampage  .   (no ring)
Will     .....                  (no ring)
Stlth    +++.......             (no ring)
HPRegen  0.09/turn              (no ring)
MPRegen  0.11/turn              (no ring)
                                (no ring)
                                (no ring)

@: no status effects
A: almost no armour, stealthy swim, amphibious, 8 rings, constrict 8, camouflage
1, gelatinous body 1
a: Renounce Religion


You were on level 3 of the Dungeon.
You worshipped Vehumet.
Vehumet was noncommittal.
You visited 1 branch of the dungeon, and saw 3 of its levels.

You collected 175 gold pieces.

Inventory:

Hand Weapons
 c - a +0 short sword (weapon)
 o - a +0 great sword
Missiles
 b - 86 stones
 e - 25 poisoned darts
Jewellery
 h - a ring of ice (left tentacle)
Scrolls
 d - 2 scrolls of identify {unknown}
 g - 5 scrolls of teleportation {unknown}
 j - a scroll of amnesia {unknown}
 l - 2 scrolls of remove curse {unknown}
 m - a scroll of random uselessness {unknown}
Potions
 a - a potion of degeneration {unknown}
 f - a potion of invisibility {unknown}
 i - 2 potions of lignification {unknown}
 k - 2 potions of brilliance {unknown}
 n - a potion of flight {unknown}


   Skills:
 + Level 2.7 Dodging
 - Level 2.6 Stealth
 * Level 3.2 Spellcasting
 - Level 1.0 Transmutations
 + Level 3.5 Earth Magic


You had 8 spell levels left.
You knew the following spells:

 Your Spells              Type           Power        Failure   Level
a - Sandblast             Erth           30%          3%          1

Your spell library contained the following spells:

 Spells                   Type           Power        Failure   Level
 Passwall                 Tmut/Erth      9%           10%         2
 Stone Arrow              Conj/Erth      18%          24%         3
 Petrify                  Tmut/Erth      11%          54%         4
 Lee's Rapid Deconstruct  Erth           7%           71%         5


Dungeon Overview and Level Annotations

Branches:
Dungeon (3/15)

Altars:
Ashenzari
Vehumet


Innate Abilities, Weirdness & Mutations

You cannot wear most types of armour.
You are very stealthy in the water. (Stealth+)
You are amphibious.
You can wear up to eight rings at the same time.
You can use your tentacles to constrict eight enemies at once.
Your skin changes colour to match your surroundings (Stealth+).
Your rubbery body absorbs attacks. (AC +1, EV +1)


Message History

Aim: a hobgoblin, wielding a +0 club (21% to evade)
The blast of sand hits the hobgoblin.
You kill the hobgoblin!
Unknown command.
Your magical contamination has completely faded away.
You see here a +0 club.
Found a radiant altar of Vehumet.
Partly explored, can't reach some places.
Partly explored, can't reach some places.
Partly explored, can't reach some places.
You feel more attuned to ice.
h - a ring of ice (left tentacle) Unknown command.
Really walk into a travel-excluded area?
There is a radiant altar of Vehumet here.
You curl up in front of the altar of Vehumet.
Vehumet welcomes you!
You are engulfed in blazing flames.
Ouch! That really hurt!
You die...

.#.#####.#.#
#.##.##.##.##
.#....##...#
#.##.........
.####.###..#
#.##....##.##
#.......#
#.##.####
####..##.#.#
#.##.####
#.....##.#^#
##.##....#
#.##†#...#.#
#.§°..##.#
#.##.###.#>#
#.°.☼☼##.##
#....##....#
#..@.§....#
#####......#
#.§.§...###
..#.#.#....#
#.......#
..#.#.#....#
###.....#
..#.#.#....#
#.....#
..#.#.######
#######
........#
..#.###.#
#.#.# #.#


There were no monsters in sight!

Vanquished Creatures
  2 adders (D:3)
  2 oozes
  2 leopard geckos (D:1)
  A ball python (D:1)
  2 giant cockroaches (D:1)
  2 goblins
  5 hobgoblins
  8 bats
  4 frilled lizards
  7 kobolds
  2 rats
37 creatures vanquished.

Vanquished Creatures (others)
  A leopard gecko (D:3)
1 creature vanquished.

Grand Total: 38 creatures vanquished

Notes
Turn   | Place    | Note
-------+----------+-------------------------------------------
     0 | D:1      | 112233 the Octopode Earth Elementalist began the quest for
                  | the Orb.
     0 | D:1      | Reached XP level 1. HP: 11/11 MP: 3/3
   358 | D:1      | Reached XP level 2. HP: 11/17 MP: 1/5
   965 | D:1      | Reached XP level 3. HP: 21/21 MP: 6/6
  2292 | D:3      | Found a broken altar of Ashenzari.
  2376 | D:3      | Reached XP level 4. HP: 27/27 MP: 5/8
  2659 | D:3      | Found a radiant altar of Vehumet.
  2675 | D:3      | Became a worshipper of Vehumet
  2675 | D:3      | Engulfed by a cloud of flame

Illustrated notes

Levels and vault maps discovered:
D:1:      nicolae_arrival_washed_ashore, layout_rooms
D:2:      layout_loops_corners, minmay_splitting_lines
D:3:      layout_basic, nicolae_overflow_hidden_temple, general_overflow_altar,
          fiery_altar_vehumet, skrybe_limestone_x

Skill      XL: |  1  2  3 |
---------------+----------+-----
Spellcasting   | 3 |  3.2
Dodging        | |  2.7
Stealth        | |  2.6
Transmutations | |  1.0
Earth Magic    | |  3.5

Action                   |  1- 3 |  4- 6 || total
-------------------------+-------+-------++-------
Melee: Short sword       |    37 |     4 ||    41
       Constrict         |    11 |       ||    11
       Tentacles         |     3 |     1 ||     4
 Cast: Sandblast         |    24 |     5 ||    29
 Stab: Sleeping          |     5 |       ||     5
Armor: Skin              |     7 |     1 ||     8
Dodge: Dodged            |    32 |     5 ||    37
